 Dungeon Crawl Stone Soup version bcrawl-1.15.1-4-g77d781cab4 (webtiles) character file.

Game seed: 18057672262791216872

721 Gumption the Covert (level 7, 33/33 HPs)
             Began as a Spriggan Rogue on Oct 12, 2019.
             Quit the game on level 4 of the Dungeon on Oct 13, 2019.
             The game lasted 01:01:15 (4752 turns).

Gumption the Covert (Spriggan Rogue)                Turns: 4752, Time: 01:01:16

Health: 33/33      AC:  5    Str:  8    XL:     7   Next: 42%
Magic:  13/13      EV: 21    Int: 13    God:
Gold:   330        SH:  0    Dex: 18    Spells: 9/13 levels left

rFire    . . .     SeeInvis +   a - +2 dagger
rCold    . . .     Gourm    .   (shield restricted)
rNeg     + . .     Faith    .   c - +0 robe
rPois    .         Spirit   .   o - +0 hat
rElec    .         Reflect  .   s - +2 cloak
rCorr    .         Harm     .   (gloves unavailable)
MR       +....                  (boots unavailable)
Stlth    ++++......             (no amulet)
HPRegen  0.11/turn              x - ring of positive energy
MPRegen  0.13/turn              (no ring)

@: very quick
A: very small, unfitting armour, see invisible, herbivore, speed 3, slow
metabolism 2
a: no special abilities


You were on level 4 of the Dungeon.
You were not hungry.

You visited 1 branch of the dungeon, and saw 4 of its levels.

You collected 330 gold pieces.

Inventory:

Hand Weapons
 a - a +2 dagger (weapon)
 b - a +0 blowgun
Missiles
 d - 130 tomahawks (quivered)
 e - 174 poisoned needles
 m - 144 stones
Armour
 c - a +0 robe (worn)
 o - a +0 hat (worn)
 s - a +2 cloak (worn)
Jewellery
 x - a ring of positive energy (left hand)
Wands
 f - a wand of flame (15)
 g - a wand of enslavement (15)
 u - a wand of paralysis (31)
 y - a wand of disintegration (11)
Scrolls
 i - a scroll of magic mapping {unknown}
 j - a scroll of immolation {unknown}
 k - a scroll of fog {unknown}
 l - a scroll of remove curse
 q - a scroll of blinking {unknown}
 t - a scroll of teleportation {unknown}
 w - a scroll of enchant weapon {unknown}
Potions
 n - a potion of ambrosia
 p - a potion of mutation
 r - a potion of might
 v - a potion of haste
 z - a potion of invisibility {unknown}
 A - 2 potions of curing {unknown}
 B - a potion of lignification {unknown}
 C - a potion of brilliance {unknown}
Comestibles
 h - 6 rations {!d}


   Skills:
 - Level 1.5 Fighting
 + Level 5.2 Short Blades
 + Level 5.2 Dodging
 + Level 8.9 Stealth
 + Level 3.5 Spellcasting
 + Level 2.4 Translocations
 * Level 2.2 Earth Magic
 - Level 2.6 Evocations


You had 9 spell levels left.
You knew the following spells:

 Your Spells              Type           Power        Failure   Level  Hunger
a - Apportation           Tloc           #.....       8%          1    #......
b - Summon Butterflies    Summ           #.......     22%         1    #......
c - Sandblast             Erth           #.....       9%          1    #......
d - Magic Dart            Conj           #...         22%         1    #......

Your spell library contained the following spells:

 Spells                   Type           Power        Failure   Level  Hunger
 Infusion                 Chrm           #.......     22%         1    #......
 Slow                     Hex            #.......     22%         1    #......
 Searing Ray              Conj           #.....       32%         2    ##.....
 Iskenderun's Mystic Bla  Conj           #.......     54%         3    ###....
 Fulminant Prism          Conj/Hex       #.........   91%         4    #####..
 Irradiate                Conj/Tmut      #.........   99%         5    ######.


Dungeon Overview and Level Annotations

Branches:
Dungeon (4/12)
 Temple: D:4-7

Altars:
Qazlal
Ru

Annotations:
D:3 Grinder


Innate Abilities, Weirdness & Mutations

You are very small and have problems with some larger weapons.
You are too small for most types of armour.
You have supernaturally acute eyesight. (SInv)
You are a herbivore.
You cover ground extremely quickly.
You need to consume almost no food.


Message History

You start resting.
HP restored.
Magic restored.
You start resting.
Magic restored.
The quokka is too close now for your liking.
You barely miss the quokka. The quokka misses you.
You hit the quokka.
The quokka is heavily wounded.
The quokka completely misses you.
You hit the quokka.
The quokka is severely wounded.
The quokka closely misses you.
You hit the quokka.
You kill the quokka!
You now have 330 gold pieces (gained 19).
A gnoll comes into view. It is wielding a +0 spear.
Are you sure you want to abandon this character and quit the game? (Confirm with "yes".)
Okay, then.
Are you sure you want to abandon this character and quit the game? (Confirm with "yes".)

###...###...#.#
#...†.......#.#
#.#...###...#.#
#.##.##
#####.## #. #.#
##...## #. #.#
##.....##
g.####. #.#
##.......##
.......##.#
#.........#
.....$..@.#
##†......##
...###..###
#.(....## ##.#
#.#...##
##.#### #.##.##
#.....####.# ##
#.###......#
... ##.....#
#..#. #.⌠.#.#
#..#. #.....#


There were no monsters in sight!

Vanquished Creatures
  Sigmund (D:3)
  A sky beast (D:2)
  2 ogres
  A scorpion (D:4)
  A crimson imp (D:4)
  A bullfrog skeleton (D:3)
  2 iguanas (D:4)
  A worker ant (D:2)
  3 adders
  2 oozes
  3 worms
  A dart slug (D:3)
  4 leopard geckos
  An orc (D:2)
  8 bats
  A giant cockroach (D:2)
  6 goblins
  7 hobgoblins
  2 jackals (D:1)
  4 quokkas
  A ball python (D:1)
  6 frilled lizards
  8 kobolds
  3 rats
70 creatures vanquished.

Notes
Turn   | Place    | Note
-------+----------+-------------------------------------------
     0 | D:1      | Gumption the Spriggan Rogue began the quest for the Orb.
     0 | D:1      | Reached XP level 1. HP: 10/10 MP: 3/3
   400 | D:1      | Reached skill level 1 in Dodging
   489 | D:1      | Reached XP level 2. HP: 14/14 MP: 5/5
  1543 | D:2      | Reached skill level 7 in Stealth
  1543 | D:2      | Reached XP level 3. HP: 17/18 MP: 6/6
  1946 | D:2      | Noticed a sky beast
  2042 | D:2      | Found a stormy altar of Qazlal.
  2359 | D:2      | Killed a sky beast
  2359 | D:2      | Reached skill level 1 in Spellcasting
  2359 | D:2      | Reached XP level 4. HP: 22/22 MP: 7/7
  2359 | D:2      | Reached XP level 5. HP: 25/25 MP: 8/8
  2633 | D:3      | Noticed Grinder
  2688 | D:3      | Noticed Sigmund
  2690 | D:3      | Killed Sigmund
  2690 | D:3      | Reached skill level 8 in Stealth
  2690 | D:3      | Reached XP level 6. HP: 30/30 MP: 8/11
  2697 | D:3      | Learned a level 1 spell: Apportation
  2699 | D:3      | Learned a level 1 spell: Summon Butterflies
  2701 | D:3      | Learned a level 1 spell: Sandblast
  3026 | D:3      | Learned a level 1 spell: Magic Dart
  3422 | D:3      | Reached skill level 1 in Translocations
  3422 | D:3      | Reached skill level 1 in Earth Magic
  3430 | D:3      | Found a sacrificial altar of Ru.
  3434 | D:3      | Noticed an orc warrior
  4369 | D:4      | Reached skill level 5 in Short Blades
  4369 | D:4      | Reached XP level 7. HP: 33/33 MP: 12/12
  4398 | D:4      | Reached skill level 5 in Dodging
  4752 | D:4      | Quit the game

Skill      XL: |  1  2  3  4  5  6  7 |
---------------+----------------------+-----
Dodging        | 1 2 3 4 5 |  5.2
Short Blades   | 3 4 5 |  5.2
Stealth        | 7 8 |  8.9
Spellcasting   | 1 2 3 |  3.5
Translocations | 1 2 |  2.4
Earth Magic    | 1 2 |  2.2
Fighting       | |  1.5
Evocations     | |  2.6

Action                   |  1- 3 |  4- 6 |  7- 9 || total
-------------------------+-------+-------+-------++-------
Melee: Dagger            |    93 |    70 |    10 ||   173
 Fire: Blowgun           |    69 |    10 |       ||    79
Throw: Stone             |     1 |       |       ||     1
       Tomahawk          |     4 |     4 |     8 ||    16
 Cast: Magic Dart        |       |    36 |       ||    36
       Sandblast         |       |     6 |    24 ||    30
       Apportation       |       |     1 |       ||     1
  Use: Scroll            |       |     5 |       ||     5
 Stab: Sleeping          |     8 |     8 |     4 ||    20
  Eat: Ration            |       |     1 |       ||     1
Armor: Robe              |     9 |     9 |     1 ||    19
Dodge: Dodged            |    55 |    70 |     5 ||   130
